 Dungeon Crawl Stone Soup version 0.17-a0-1846-g2561f35 (webtiles) character file.

508 Geeful the Insei (level 7, -3/48 HPs)
             Began as a Human Wanderer on Sept 17, 2015.
             Splashed by a jelly's acid (9 damage)
             ... on level 5 of the Dungeon.
             The game lasted 00:16:55 (5281 turns).

Geeful the Insei (Human Wanderer)                   Turns: 5281, Time: 00:16:55

Health: -3/48      AC: -3    Str: 14    XL:     7   Next: 42%
Magic:  7/7        EV: 10    Int: 11    God:
Gold:   160        SH:  0    Dex: 14    Spells: 0 memorised, 6 levels left

rFire  . . .     SeeInvis .       - Unarmed
rCold  . . .     Clarity  .     k - +0 scale mail
rNeg   . . .     SustAt   .     (no shield)
rPois  .         Gourm    .     (no helmet)
rElec  .         Spirit   .     (no cloak)
rCorr  .         Warding  .     y - +0 pair of gloves
rMut   .         Stasis   .     (no boots)
MR     .....                    (no amulet)
Stlth  +.........               (no ring)
                                (no ring)

@: corroded equipment, not resistant to hostile enchantments, very unstealthy
A: no striking features
a: no special abilities


You were on level 5 of the Dungeon.
You were not hungry.

You visited 1 branch of the dungeon, and saw 5 of its levels.

You collected 160 gold pieces.

Inventory:

Missiles
 b - 8 curare-tipped needles
 o - 46 poisoned needles
 p - 5 tomahawks
 r - a throwing net (quivered)
Armour
 a - a +0 leather armour
 k - a +0 scale mail (worn)
 y - a +0 pair of gloves (worn)
Jewellery
 u - an uncursed ring of ice
 C - an uncursed ring of wizardry {unknown}
Scrolls
 c - 2 scrolls of teleportation
 e - a scroll of enchant weapon {unknown}
 g - 2 scrolls of recharging
 i - a scroll of blinking {unknown}
 j - a scroll of fear {unknown}
 l - a scroll of enchant armour {unknown}
 n - a scroll of amnesia {unknown}
 q - a scroll of magic mapping {unknown}
 s - 4 scrolls of remove curse {unknown}
 v - 2 scrolls of random uselessness {unknown}
 A - a scroll of immolation {unknown}
Potions
 h - a potion of agility {unknown}
 t - a potion of curing
 w - a potion of heal wounds {unknown}
 x - a potion of ambrosia {unknown}
 B - 2 potions of poison {unknown}
Books
 z - a book of Frost

   Spells                             Type                      Level
   a - Freeze                         Ice                          1
   b - Throw Frost                    Conjuration/Ice              2
   c - Ozocubu's Armour               Charms/Ice                   3
   d - Throw Icicle                   Conjuration/Ice              4
   e - Summon Ice Beast               Ice/Summoning                4
   f - Condensation Shield            Ice                          4
Comestibles
 d - 2 chunks of flesh
 f - 2 bread rations
 m - 4 meat rations


   Skills:
 - Level 1.0 Fighting
   Level 1.0 Short Blades
 + Level 3.3 Armour
 - Level 2.0 Dodging
 - Level 3.0 Stealth
   Level 1.0 Shields
 * Level 6.6 Unarmed Combat


You had 6 spell levels left.
You didn't know any spells.

Dungeon Overview and Level Annotations

Branches:
Dungeon (5/15)
 Temple: D:4-7

Altars:
Sif Muna
Trog

Shops:
D:4 ?[*


Message History

The jelly is severely wounded.
The jelly hits you.
You are splashed with acid!
The acid burns!
You are too injured to fight recklessly!
You hit the jelly. The acid corrodes you!
Your hands burn!
The jelly is severely wounded.
The jelly jiggles.
The jelly hits you.
You are splashed with acid!
The acid corrodes you!
The acid burns!
* * * LOW HITPOINT WARNING * * *
Drink which item? (? for menu, Esc to quit)
Okay, then.
Throwing (i - inventory. (,) - cycle):
r - 2 throwing nets (quivered)
Press: ? - help, Shift-Dir - straight line, f - jelly
Aim: a jelly (severely wounded)
You throw a throwing net.
The throwing net barely misses the jelly.
The jelly hits you.
* * * LOW HITPOINT WARNING * * *
You are splashed with acid!
The acid burns!
You die...

........+...#............+
........#...#............#
........#+####..###...####
........... ##'####...##
............#...........
......'............
......#..............
......#..............
..... #...@.........J
..... #...J....... ....
#...(....... ....
##+###..#### ..# ... .#.
.#..


You could see a jelly.

Vanquished Creatures
  The ghost of Guenter the Cudgeler, an average DsGl (D:4)
  2 hounds
  An orc priest (D:4)
  An orc wizard (D:5)
  Natasha (D:4)
  2 worker ants (D:4)
  A hound skeleton (D:4)
  A worker ant zombie (D:5)
  4 adders
  2 gnolls
  2 oozes
  3 worms
  10 orcs
  2 ball pythons
  3 giant cockroaches
  9 goblins
  9 hobgoblins
  3 jackals (D:4)
  8 kobolds
  2 quokkas
  9 bats
  2 giant geckos
  A giant gecko skeleton (D:4)
  4 giant newts
  16 rats
99 creatures vanquished.

Notes
Turn   | Place    | Note
--------------------------------------------------------------
     0 | D:1      | Geeful the Human Wanderer began the quest for the Orb.
     0 | D:1      | Geeful set off with: a +0 leather armour, 2 throwing nets, 2 scrolls of teleportation, a +0 club, a +0 dagger, a bread ration
     0 | D:1      | Reached XP level 1. HP: 15/15 MP: 1/1
   228 | D:1      | Reached XP level 2. HP: 16/21 MP: 2/2
   834 | D:1      | Reached XP level 3. HP: 26/26 MP: 3/3
  1849 | D:3      | Reached skill level 1 in Armour
  1865 | D:2      | Reached XP level 4. HP: 32/32 MP: 4/4
  1953 | D:2      | Found a deep blue altar of Sif Muna.
  2178 | D:2      | Reached skill level 4 in Unarmed Combat
  2542 | D:3      | Reached XP level 5. HP: 30/37 MP: 5/5
  2578 | D:3      | HP: 1/37 [gnoll/halberd (3)]
  3978 | D:4      | Noticed Natasha
  4025 | D:4      | Reached skill level 5 in Unarmed Combat
  4141 | D:4      | Reached XP level 6. HP: 31/43 MP: 6/6
  4160 | D:4      | Found Ralu's Assorted Antiques.
  4181 | D:4      | Found Uses's Antique Armour Emporium.
  4356 | D:4      | Noticed Guenter's ghost (average DsGl)
  4385 | D:4      | Found Weahom's Magic Scroll Shop.
  4413 | D:4      | Killed Natasha
  4575 | D:4      | Found a bloodstained altar of Trog.
  4754 | D:4      | Killed Guenter's ghost
  4754 | D:4      | Reached skill level 6 in Unarmed Combat
  4754 | D:4      | Reached XP level 7. HP: 48/48 MP: 7/7
  5143 | D:5      | Entered Level 5 of the Dungeon
  5281 | D:5      | Splashed by a jelly's acid

Vault maps used:
D:1:      ncdulo_halloftheorcs
D:2:      lemuel_blue_sif_altar
D:4:      bloody_trog, serial_shops, kennysheep_mini_moat, shop, shop_statue,
          first_bread, uniq_natasha

Action                   |  1- 3 |  4- 6 |  7- 9 || total
-------------------------+-------+-------+-------++-------
Melee: Unarmed           |   146 |   261 |    58 ||   465
Throw: Throwing net      |     3 |     2 |     1 ||     6
  Use: Scroll            |       |     3 |       ||     3
       Potion            |       |     1 |       ||     1
 Stab: Held in net/web   |     1 |       |       ||     1
  Eat: Chunk             |     3 |     6 |     2 ||    11
       Pizza             |       |     1 |       ||     1
       Beef jerky        |       |     1 |       ||     1
